 Dungeon Crawl Stone Soup version 0.30-a0-743-gbfdf073431 (webtiles) character file.

Game seed: 4055930290827786775

127 jimonade the Grave Robber (level 4, -1/31 HPs)
             Began as a Demonspawn Necromancer on Feb 6, 2023.
             Killed by divine providence
             ... invoked by an orc priest
              (14 damage)
             ... on level 3 of the Dungeon.
             The game lasted 00:04:24 (2507 turns).

jimonade the Grave Robber (Demonspawn Necromancer)  Turns: 2507, Time: 00:04:25

Health: -1/31      AC:  4    Str: 14    XL:     4   Next: 85%
Magic:  8/8        EV: 12    Int: 17    God:
Gold:   101        SH:  0    Dex: 15    Spells: 8/9 levels left

rFire   . . .      SeeInvis .    a - +6 war axe of Erecaij {freeze, Str+4}
rCold   . . .      Faith    .    (no shield)
rNeg    . . .      Spirit   .    o - +1 robe of Sunlight {Rampage rPois Dex+2 Stlth-}
rPois   +          Reflect  .    (no helmet)
rElec   .          Harm     .    s - +0 cloak
rCorr   .          Rampage  +    (no gloves)
Will    .....                    (boots unavailable)
Stlth   +                        g - amulet of regeneration
HPRegen 1.05/turn                (no ring)
MPRegen 0.11/turn                (no ring)

@: no status effects
A: hooves 3
a: no special abilities


You were on level 3 of the Dungeon.
You visited 1 branch of the dungeon, and saw 3 of its levels.

You collected 101 gold pieces.

Inventory:

Hand Weapons
 a - the +6 war axe of Erecaij (weapon) {freeze, Str+4}
   (You found it on level 3 of the Dungeon)

   Str:       It affects your strength (+4).
 b - a +1 sling of electrocution
 r - a +0 sling
 z - a +0 short sword
Missiles
 i - 24 stones
 x - 2 poisoned darts
Armour
 c - a +0 robe
 e - a +0 ring mail
 l - a +0 leather armour
 o - the +1 robe of Sunlight (worn) {Rampage rPois Dex+2 Stlth-}
   (You found it on level 2 of the Dungeon)

   Dex:       It affects your dexterity (+2).
   rPois:     It protects you from poison.
   Rampage:   It bestows one free step when moving towards enemies.
   Stlth:     It makes you less stealthy.
 s - a +0 cloak (worn)
Jewellery
 g - an amulet of regeneration (around neck)
 y - a ring of resist corrosion
Wands
 A - a wand of quicksilver (8)
Scrolls
 f - 4 scrolls of identify {unknown}
 j - a scroll of vulnerability {unknown}
 k - 2 scrolls of poison {unknown}
 n - 2 scrolls of teleportation {unknown}
 q - 2 scrolls of immolation {unknown}
 t - a scroll of enchant weapon {unknown}
 v - a scroll of enchant armour {unknown}
 w - a scroll of amnesia {unknown}
 B - a scroll of fog {unknown}
Potions
 d - a potion of degeneration {unknown}
 h - a potion of magic
 m - 4 potions of curing {unknown}
 p - 2 potions of haste {unknown}
 u - 2 potions of heal wounds {unknown}


   Skills:
 + Level 0.4 Fighting
 + Level 0.3 Short Blades
 + Level 0.1 Axes
 - Level 2.0 Ranged Weapons
 + Level 1.9 Dodging
 + Level 2.0 Stealth
 * Level 3.0 Spellcasting
 + Level 5.1 Necromancy


You had 8 spell levels left.
You knew the following spells:

 Your Spells              Type           Power      Damage    Failure   Level
a - Necrotise             Necr           80%        1d8       1%          1

Your spell library contained the following spells:

 Spells                   Type           Power      Damage    Failure   Level
 Vampiric Draining        Necr           20%        2d7       6%          3
 Animate Dead             Necr           20%        N/A       21%         4
 Agony                    Necr           20%        N/A       50%         5


Dungeon Overview and Level Annotations

Branches:
Dungeon (3/15)

Altars:
Makhleb


Innate Abilities, Weirdness & Mutations

You have hooves in place of feet.


Message History

There is a stone staircase leading down here.
An orc and an orc priest come into view.
Found a stone staircase leading down.
The orc shouts!
The orc priest shouts!
The orc priest moves out of view.
An orc comes into view. It is wielding a +0 short sword.
An orc comes into view. It is wielding a +0 club.
Found an escape hatch in the ceiling.
The orc hits you from afar with a +0 trident.
The orc shouts!
The orc barely misses you.
The orc priest looks braver for a moment.
There is a stone staircase leading down here.
You barely miss the orc. You punch the orc.
The orc is lightly wounded.
The orc misses you.
You hit the orc. You freeze the orc.
The orc is severely wounded.
The orc hits you with a +0 trident.
You slash the orc! You freeze the orc.
You kill the orc!
The orc misses you.
The orc priest invokes the aid of Beogh against you.
Beogh smites you! The orc hits you with a +0 trident.
You see here a +0 short sword.
You are too injured to fight recklessly!
You are too injured to fight recklessly!
You are too injured to fight recklessly!
You closely miss the orc.
The orc is severely wounded.
The orc barely misses you. The orc hits you with a +0 trident.
* * * LOW HITPOINT WARNING * * *
You barely miss the orc.
The orc is severely wounded.
The orc misses you.
You slash the orc! You freeze the orc.
You kill the orc!
The orc priest mumbles some strange prayers to Beogh against you.
Beogh smites you!
You die...

##....########.......###
#..#### #.......... ## ####
#.......### .# #.......# .#
######### .### ...## ....#
#.#######
##..#######<.oo)@.###
#<......########>..# #####
###.###.#### ###.# #...# #
#.###....# #.# #...# #
#...####>#######.#
##...###### ###.#
#......##.###....##....
#.#########.##.....#.###.##.
#.#....####..#.....#.....##.
##
#..##......#...###....####..


You could see an orc priest and an orc.

Vanquished Creatures
  7 adders
  A worm (D:2)
  A dart slug (D:2)
  2 orcs (D:3)
  8 ball pythons
  5 endoplasms
  4 giant cockroaches
  3 hobgoblins
  7 quokkas
  5 bats
  5 frilled lizards
  4 goblins
  2 kobolds
  8 rats
62 creatures vanquished.

Notes
Turn   | Place    | Note
-------+----------+-------------------------------------------
     0 | D:1      | jimonade the Demonspawn Necromancer began the quest for the
                  | Orb.
     0 | D:1      | Reached XP level 1. HP: 13/13 MP: 3/3
   235 | D:1      | Gained mutation: You have large cloven feet. [demonic
                  | ancestry]
   235 | D:1      | Reached XP level 2. HP: 13/19 MP: 5/5
   749 | D:1      | Reached skill level 5 in Necromancy
  1076 | D:2      | Gained mutation: You have hoof-like feet. [demonic
                  | ancestry]
  1076 | D:2      | Reached XP level 3. HP: 24/24 MP: 4/6
  1296 | D:2      | Identified the +1 robe of Sunlight {Rampage rPois Dex+2
                  | Stlth-}
  1566 | D:2      | Gained mutation: You have hooves in place of feet. [demonic
                  | ancestry]
  1566 | D:2      | Reached XP level 4. HP: 30/30 MP: 8/8
  1577 | D:2      | Reached skill level 1 in Ranged Weapons
  2100 | D:3      | Identified the +6 war axe of Erecaij {freeze, Str+4}
  2137 | D:3      | Found a burning altar of Makhleb.
  2507 | D:3      | Killed from afar by an orc priest

Illustrated notes

Levels and vault maps discovered:
D:1:      heliophobic_arrival_ceremonial_halls, layout_basic, serial_aquarium,
          aquarium_bridge_square [aquarium_subvault_wall,
          aquarium_subvault_window, aquarium_subvault_balcony,
          aquarium_subvault_bridge], aquarium_bridge_square
          [aquarium_subvault_bridge, aquarium_subvault_bridge,
          aquarium_subvault_bridge, aquarium_subvault_bridge],
          aquarium_window_fake, aquarium_window_fake, aquarium_window_1,
          aquarium_view_2f, aquarium_balcony_3b, minmay_fountain_box
D:2:      layout_basic
D:3:      layout_rooms, bloody_makhleb, minmay_misc_feat_four_crosses,
          uniq_crazy_yiuf_cottage

Skill      XL: |  1  2  3  4 |
---------------+-------------+-----
Necromancy     | 5 |  5.1
Stealth        | 2 |  2.0
Ranged Weapons | 2 |  2.0
Spellcasting   | 3 |  3.0
Fighting       | |  0.4
Short Blades   | |  0.3
Axes           | |  0.1
Dodging        | |  1.9

Action                     |  1- 3 |  4- 6 || total
---------------------------+-------+-------++-------
  Melee: Short sword       |    36 |       ||    36
         Kick              |     7 |     3 ||    10
         War axe           |       |    17 ||    17
         Punch             |       |     1 ||     1
   Fire: Sling             |    25 |    62 ||    87
   Cast: Necrotise         |    29 |       ||    29
   Stab: Sleeping          |     1 |       ||     1
 Armour: Robe              |    13 |    12 ||    25
  Dodge: Dodged            |    33 |    49 ||    82

Table legend: (Time is in decaauts)
 A = Elapsed time spent in this place.
 B = Non-inter-level travel time spent in this place.
 C = Inter-level travel time spent in this place.
 D = Time resting spent in this place.
 E = Time spent auto-exploring this place.
 F = Levels seen in this place.
 G = Mean time per level.
                   A        B        C        D        E       F      G
               +--------+--------+--------+--------+--------+-----+--------+
         Total |   2541 |   2455 |     86 |      0 |   2018 |   3 |  847.0 |
       Dungeon |   2541 |   2455 |     86 |      0 |   2018 |   3 |  847.0 |
               +--------+--------+--------+--------+--------+-----+--------+

Top non-repeatable levels by time:
     D:1: 1023 daAuts
     D:2: 988 daAuts
     D:3: 529 daAuts
